 Dungeon Crawl Stone Soup version 0.31.0-32-g396128a36d (webtiles) character file.

Game seed: 10727192029048886913

7 Computerfleisch the Grave Robber (level 1, 0/13 HPs)
             Began as a Mummy Necromancer on Mar 11, 2024.
             Slain by a rat (2 damage)
             ... on level 2 of the Dungeon.
             The game lasted 00:04:10 (244 turns).

Computerfleisch the Grave Robber (Mummy Necromancer) Turns: 244, Time: 00:04:10

Health: 0/13       AC:  2    Str: 11    XL:     1   Next: 83%
Magic:  0/4        EV: 12    Int: 14    God:
Gold:   0          SH:  0    Dex: 12    Spells: 4/5 levels left

rFire   x . .        (no weapon)
rCold   + . .        (no shield)
rNeg    + + +        a - +0 robe
rPois   ∞            (no helmet)
rElec   .            (no cloak)
rCorr   .            (no gloves)
SInv    .            (no boots)
Will    .....        (no amulet)
Stlth   ++           (no ring)
HPRegen 0.22/turn    (no ring)
MPRegen 0.09/turn

%: faith
@: no status effects
A: cold resistance 1, negative energy resistance 3, torment resistance 2, heat
vulnerability 1, in touch with death 1, no potions, faith
a: no special abilities


You were on level 2 of the Dungeon.
You visited 1 branch of the dungeon, and saw 2 of its levels.

Inventory:

Armour
 a - a +0 robe (worn)
 b - a +0 chain mail of willpower


   Skills:
 + Level 1.7 Dodging
 + Level 1.7 Stealth
 + Level 2.9 Spellcasting
 + Level 4.1 Necromancy


You had 4 spell levels left.
You knew the following spells:

 Your Spells              Type           Power      Damage    Failure   Level
a - Necrotise             Necr           80%        1d8       4%          1

Your spell library contained the following spells:

 Spells                   Type           Power      Damage    Failure   Level
 Vampiric Draining        Necr           20%        2d7       12%         3
 Animate Dead             Necr           20%        N/A       38%         4
 Curse of Agony           Necr           20%        N/A       75%         5


Dungeon Overview and Level Annotations

Branches:
Dungeon (2/15)

Altars:

Shops:
D:2 !


Innate Abilities, Weirdness & Mutations

You are immune to poison.
Your flesh is cold resistant. (rC+)
You are immune to negative energy. (rN+++)
You are immune to unholy pain and torment.
You are vulnerable to heat. (rF-)
You are in touch with the powers of death.
You do not drink.
You have a special connection with the divine. (Faith)


Message History

The jackal bites your jackal skeleton.
Your jackal skeleton is destroyed!
The jackal bites you.
The jackal bites you but does no damage.
A rat comes into view.
The jackal barely misses you.
The rat squeaks loudly.
You are too injured to fight recklessly!
You are too injured to fight recklessly!
Aiming: Necrotise (safe; 4% risk of failure)
Press: ? - help, Q - select action Shift-Dir - straight line, f/p - jackal
Aim: a jackal (heavily wounded, chance to affect: 89%)
You feel a surge of power!
The jackal writhes in agony.
The jackal misses you. The jackal barely misses you.
The jackal barely misses you. The rat barely misses you.
Found Riylut's Distillery.
The jackal attacks as it pursues you! The jackal bites you.
The rat attacks as it pursues you! The rat bites you.
The jackal bites you but does no damage.
The jackal bites you. The rat barely misses you.
There is a stone staircase leading down here.
An adder comes into view.
The adder hisses angrily.
The jackal closely misses you. The jackal misses you. The jackal bites you.
The rat bites you.
* * * LOW HITPOINT WARNING * * *
The jackal attacks as it pursues you! The jackal closely misses you.
The jackal barely misses you. The adder barely misses you.
The rat attacks as it pursues you! The rat barely misses you.
Aiming: Necrotise (safe; 4% risk of failure)
Press: ? - help, Q - select action Shift-Dir - straight line, f/p - jackal
Aim: a jackal (almost dead, chance to affect: 89%)
You feel a surge of power!
The jackal writhes in agony!
You kill the jackal!
The dead are walking!
The adder bites you.
* * * LOW HITPOINT WARNING * * *
The rat closely misses you. The adder bites you but does no damage.
The rat bites you.
You die...

#..........##.######.
#..)....##...........
####...>................
.........##..####..#....
.............## ....l#.
...........#.<# .....#
#####..Z...##†#.........
#...Sr.........$.....
.....###.@..#...........
...∩. ###..............
..... ##..#...... ....
#.###.... ... #..# ....
... ... ...


You could see an adder, a rat (ally target) and a friendly jackal skeleton.

Vanquished Creatures
  2 jackals (D:2)
  A kobold (D:1)
  A bat (D:1)
  A frilled lizard (D:1)
  A rat (D:2)
6 creatures vanquished.

Vanquished Creatures (collateral kills)
  A rat (D:1)
1 creature vanquished.

Grand Total: 7 creatures vanquished

Notes
Turn   | Place    | Note
-------+----------+-------------------------------------------
     0 | D:1      | Computerfleisch the Mummy Necromancer began the quest for
                  | the Orb.
     0 | D:1      | Reached XP level 1. HP: 13/13 MP: 4/4
   234 | D:2      | Found Riylut's Distillery.
   244 | D:2      | Slain by a rat

Illustrated notes

Levels and vault maps discovered:
D:1:      tarquinn_simple_flora_water_f, layout_basic
D:2:      layout_rooms, serial_shops, shop, minivault_11,
          chequers_decorated_corner, uniq_crazy_yiuf_cottage, uniq_jessica

Action                     || total
---------------------------++-------
  Melee: Unarmed           ||     5
   Cast: Necrotise         ||    11
 Armour: Chain mail        ||    30
         Robe              ||    24
  Dodge: Dodged            ||    46
